 Dungeon Crawl Stone Soup version 0.30-b1-2-g02819fbbbe (webtiles) character file.

Game seed: 3318114816514852308

151 Alarkh the Insei (level 5, 38/38 HPs)
             Began as a Demonspawn Warper on May 25, 2023.
             Got out of the dungeon alive.
             The game lasted 00:02:54 (2391 turns).

Alarkh the Insei (Demonspawn Warper)                Turns: 2391, Time: 00:02:55

Health: 38/38      AC:  8    Str: 18    XL:     5   Next: 11%
Magic:  8/8        EV: 13    Int: 16    God:
Gold:   167        SH:  0    Dex: 12    Spells: 6/8 levels left

rFire   . .          .
                       - Unarmed
rCold   + . .        (no shield)
rNeg    . . .        d - +2 ring mail {rC+}
rPois   +            (no helmet)
rElec   .            f - scarf {repulsion}
rCorr   .            n - +0 pair of gloves
SInv    .            (no boots)
Will    .....        (no amulet)
Stlth   +            k - ring of poison resistance
HPRegen 0.26/turn    p - +6 ring of strength
MPRegen 0.22/turn

%: repel missiles
@: no status effects
A: repulsion field 1, spiny 1, magic regeneration
a: no special abilities


You escaped.
You visited 1 branch of the dungeon, and saw 3 of its levels.

You collected 167 gold pieces.

Inventory:

Missiles
 c - 7 boomerangs of dispersal (quivered)
 w - 2 throwing nets
Armour
 a - a +0 leather armour
 d - a +2 ring mail of cold resistance (worn)
 f - a scarf of repulsion (worn)
 n - a +0 pair of gloves (worn)
Jewellery
 k - a ring of poison resistance (left hand)
 p - a +6 ring of strength (right hand)
Scrolls
 b - 3 scrolls of blinking
 g - 2 scrolls of amnesia {unknown}
 h - 5 scrolls of teleportation
 i - a scroll of silence
 l - a scroll of brand weapon {unknown}
 m - 2 scrolls of enchant armour {unknown}
 r - a scroll of identify
 s - a scroll of enchant weapon {unknown}
 v - a scroll of fear {unknown}
Potions
 e - a potion of might
 j - a potion of curing
 o - a potion of lignification
 q - a potion of attraction {unknown}
 t - a potion of magic {unknown}
 u - a potion of brilliance {unknown}


   Skills:
 - Level 2.0 Fighting
 - Level 0.8 Throwing
 - Level 0.8 Armour
 - Level 1.7 Dodging
 + Level 4.9 Unarmed Combat
 - Level 2.0 Spellcasting
 - Level 2.6 Translocations


You had 6 spell levels left.
You knew the following spells:

 Your Spells              Type           Power      Damage    Failure   Level
a - Blink                 Tloc           20%        N/A       19%         2

Your spell library contained the following spells:

 Spells                   Type           Power      Damage    Failure   Level
 Lesser Beckoning         Tloc           20%        N/A       19%         2
 Kiss of Death            Conj/Necr      4%         2d5       36%         1
 Necrotise                Necr           4%         1d4       36%         1
 Sandblast                Erth           2%         2d4       36%         1
 Teleport Other           Tloc           10%        N/A       36%         3
 Passwall                 Tmut/Erth      0%         N/A       50%         2
 Vhi's Electric Charge    Tloc/Air       10%        N/A       54%         3
 Confusing Touch          Hex            1%         N/A       73%         3
 Stone Arrow              Conj/Erth      2%         3d7       73%         3
 Vampiric Draining        Necr           1%         2d6       73%         3
 Manifold Assault         Tloc           10%        N/A       77%         4
 Dispel Undead            Necr           1%         3d6       98%         4
 Agony                    Necr           1%         N/A       100%        5


Dungeon Overview and Level Annotations

Branches:
Dungeon (3/15)

Altars:
Nemelex Xobeh
Trog

Annotations:
D:1 1 transporter


Innate Abilities, Weirdness & Mutations

You are surrounded by a mild repulsion field. (EV +2)
You are partially covered in sharp spines.
You regenerate magic rapidly.


Message History

The adder is lightly wounded.
The adder is struck by your spines. The adder misses you.
You barely miss the adder.
The adder is heavily wounded.
The adder is struck by your spines. The adder bites you.
You miss the adder.
The adder is almost dead.
The adder closely misses you.
You barely miss the adder.
The adder is almost dead.
The adder barely misses you.
You hit the adder.
You kill the adder!
You barely miss the rat. The rat is struck by your spines. The rat bites you.
You punch the rat!
You kill the rat!
No target in view!
No target in view!
No target in view!
No target in view!
No target in view!
No target in view!
No target in view!
No target in view!
No target in view!
No target in view!
You hear the rusting of a very distant drain.
There is a stone staircase leading up here.
You climb upwards.
There is a stone staircase leading down here.
There is a stone staircase leading up here.
You climb upwards.
Level annotation: 1 transporter
There is a stone staircase leading down here.
You see here a +0 hand axe.
There is a staircase leading out of the dungeon here.
Are you sure you want to leave the Dungeon?
This will make you lose the game! [Y]es or [N]o only, please.
Are you sure you want to leave the Dungeon?
This will make you lose the game!
You have escaped!

###......##.........##.......####
..............#......'.>.....# #
.............##......#......## #
.......#.....##......##...#######
.......#.....##......##.........#
.......+..#########.)...........#
.......###########..##..........#
...##...#...©##©#.#.............#
.....##.#....###@#..##..........#
.....##.#....##.#.#.........>...#
........#....#.#.#......##......#
........#........+......#........
...........#######......#........
...#..........###.......+........
................#.......#........
#...............#.......+........
#...............#.......#........


There were no monsters in sight!

Vanquished Creatures
  6 adders
  3 gnolls (D:3)
  A worm (D:3)
  A dart slug (D:2)
  An orc (D:3)
  2 endoplasms
  4 giant cockroaches
  6 goblins
  4 hobgoblins
  5 jackals
  4 kobolds
  4 ball pythons
  8 bats
  14 frilled lizards
  6 rats
69 creatures vanquished.

Vanquished Creatures (others)
  8 plants (D:3)
8 creatures vanquished.

Grand Total: 77 creatures vanquished

Notes
Turn   | Place    | Note
-------+----------+-------------------------------------------
     0 | D:1      | Alarkh the Demonspawn Warper began the quest for the Orb.
     0 | D:1      | Reached XP level 1. HP: 16/16 MP: 3/3
   176 | D:1      | Reached skill level 2 in Unarmed Combat
   320 | D:1      | Gained mutation: You are surrounded by a mild repulsion
                  | field. (EV +2) [demonic ancestry]
   320 | D:1      | Reached XP level 2. HP: 22/22 MP: 5/5
   326 | D:1      | Found a faded altar of an unknown god.
   623 | D:1      | Learned a level 2 spell: Blink
   796 | D:1      | Reached skill level 3 in Unarmed Combat
  1343 | D:2      | Reached XP level 3. HP: 27/27 MP: 6/6
  2113 | D:3      | Reached skill level 4 in Unarmed Combat
  2113 | D:3      | Gained mutation: You are partially covered in sharp spines.
                  | [demonic ancestry]
  2113 | D:3      | Reached XP level 4. HP: 33/33 MP: 7/7
  2127 | D:3      | Found a bloodstained altar of Trog.
  2129 | D:3      | Found a sparkling altar of Nemelex Xobeh.
  2311 | D:3      | Gained mutation: You regenerate magic rapidly. [demonic
                  | ancestry]
  2311 | D:3      | Reached XP level 5. HP: 38/38 MP: 8/8
  2391 | D:$      | Got out of the dungeon alive.

Illustrated notes

Levels and vault maps discovered:
D:1:      spicycebolla_arrival_risky_transporter, layout_basic,
          ebering_ecumenical_altar_hall, minivault_11,
          chequers_serial_rivers_room_b
D:2:      layout_loops_corners, minmay_cupped
D:3:      minmay_inner_zag, layout_rooms, lemuel_zombie_altar_kikubaaqudgha,
          grunt_temple_overflow_open, portal_sewer_entry_b, minmay_lizard_king

Skill      XL: |  1  2  3 |
---------------+----------+-----
Unarmed Combat | 2 3 4 |  4.9
Fighting       | |  2.0
Throwing       | |  0.8
Armour         | |  0.8
Dodging        | |  1.7
Spellcasting   | |  2.0
Translocations | |  2.6

Action                     |  1- 3 |  4- 6 || total
---------------------------+-------+-------++-------
  Melee: Unarmed           |   235 |    48 ||   283
         Punch             |     2 |     1 ||     3
    Use: Scroll            |     5 |       ||     5
   Stab: Sleeping          |     1 |       ||     1
 Armour: Leather armour    |    40 |       ||    40
         Ring mail         |    14 |    15 ||    29
  Dodge: Dodged            |   158 |    22 ||   180
